3AAA
ATHLETIC CLUB KC RESERVES @ CALGARY LYNX
07/30/2042
 
TOP OF THE 1ST
Athletic Club KC Reserves batting - Pitching for Calgary Lynx : RHP Dave Lewis
Pitching: RHP Dave Lewis
Batting: RHB Marcos Quintana 0-0: Ground out 6-3 (Groundball, 6, EV 85.6 MPH)
Batting: RHB Gabriel Martínez 0-0: Called Strike
0-1: SINGLE (Groundball, 2L, EV 70.6 MPH) (infield hit)
Batting: RHB Dick Barnett 0-0: Ball
Gabriel Martínez steals 2nd base
1-0: Ball
2-0: Foul Ball, location: 2F
2-1: Foul Ball, location: 2F
2-2: Strikes out swinging
Batting: LHB Oriol Fernández 0-0: Ball
1-0: Foul Ball, location: 2F
1-1: Ground out U3 (Groundball, 3, EV 85.0 MPH)
Top of the 1st over - 0 runs, 1 hit, 0 errors, 1 left on base; Athletic Club KC 0 - Calgary 0
BOTTOM OF THE 1ST
Calgary Lynx batting - Pitching for Athletic Club KC Reserves : RHP Ignacio Ayala
Pitching: RHP Ignacio Ayala
Batting: LHB Júlio Souza 0-0: Ground out 4-3 (Groundball, 4, EV 93.8 MPH)
Batting: RHB Rafael Carballar 0-0: Ball
1-0: Called Strike
1-1: Ball
2-1: SINGLE (Groundball, 5L, EV 87.5 MPH) (infield hit)
Batting: RHB Roy Bagnall 0-0: Called Strike
Rafael Carballar is caught stealing 2nd base 2-4
0-1: Foul Ball, location: 2F
0-2: Ball
1-2: Ground out 6-3 (Groundball, 6, EV 100.6 MPH)
Bottom of the 1st over - 0 runs, 1 hit, 0 errors, 0 left on base; Athletic Club KC 0 - Calgary 0
TOP OF THE 2ND
Athletic Club KC Reserves batting - Pitching for Calgary Lynx : RHP Dave Lewis
Batting: LHB Miguel Fernández 0-0: Ball
1-0: Called Strike
1-1: Fly out, F7 (Flyball, 78D, EV 100.0 MPH)
Batting: LHB Thomas Nealy 0-0: Ball
1-0: Foul Ball, location: 2F
1-1: Called Strike
1-2: Foul Ball, location: 2F
1-2: Foul Ball, location: 2F
1-2: SINGLE (Groundball, 34D, EV 105.6 MPH)
Batting: SHB Gary Hopkins Pickoff Throw to First - Out! 1-3
0-0: Called Strike
0-1: Foul Ball, location: 2F
0-2: Foul Ball, location: 2F
0-2: Foul Ball, location: 2F
0-2: Ball
1-2: Foul Ball, location: 2F
1-2: Ball
2-2: Ball
3-2: Fly out, F9 (Flyball, 9, EV 80.0 MPH)
Top of the 2nd over - 0 runs, 1 hit, 0 errors, 0 left on base; Athletic Club KC 0 - Calgary 0
BOTTOM OF THE 2ND
Calgary Lynx batting - Pitching for Athletic Club KC Reserves : RHP Ignacio Ayala
Batting: LHB Robbie Brendle 0-0: Ball
1-0: Fly out, F8 (Flyball, 78D, EV 85.6 MPH)
Batting: RHB Eloi Hanai 0-0: Ground out 4-3 (Groundball, 4D, EV 85.6 MPH)
Batting: RHB Jordan Attoe 0-0: Ball
1-0: Ground out 4-3 (Groundball, 4, EV 90.0 MPH)
Bottom of the 2nd over - 0 runs, 0 hits, 0 errors, 0 left on base; Athletic Club KC 0 - Calgary 0
TOP OF THE 3RD
Athletic Club KC Reserves batting - Pitching for Calgary Lynx : RHP Dave Lewis
Batting: LHB Ted Reed 0-0: Ball
1-0: DOUBLE (Flyball, 8RD, EV 99.4 MPH)
Batting: RHB Wade Tazewell 0-0: Foul Ball, location: 2F
0-1: Foul Ball, location: 2F
0-2: Ball
1-2: Ball
2-2: Foul Ball, location: 2F
2-2: Strikes out swinging
Batting: RHB Marcos Quintana 0-0: SINGLE (Line Drive, 3D, EV 98.8 MPH)
Ted Reed to third
Batting: RHB Gabriel Martínez 0-0: Ball
Marcos Quintana steals 2nd, throwing error, E2
Ted Reed scores
Marcos Quintana to third
1-0: Called Strike
1-1: Foul Ball, location: 2F
1-2: Ball
2-2: Ball
3-2: Base on Balls
Batting: RHB Dick Barnett 0-0: Ball
1-0: Called Strike
Gabriel Martínez steals 2nd base (no throw)
1-1: Ball
2-1: Swinging Strike
2-2: Ball
3-2: Strikes out swinging
Batting: LHB Oriol Fernández 0-0: Foul Ball, location: 2F
0-1: Ball
1-1: Foul Ball, location: 2F
1-2: Ball
2-2: Fly out, F8 (Flyball, 89D, EV 85.6 MPH)
Top of the 3rd over - 1 run, 2 hits, 1 error, 2 left on base; Athletic Club KC 1 - Calgary 0
BOTTOM OF THE 3RD
Calgary Lynx batting - Pitching for Athletic Club KC Reserves : RHP Ignacio Ayala
Batting: SHB Jim Santos 0-0: Ball
1-0: Swinging Strike
1-1: Called Strike
1-2: Ball
2-2: Ball
3-2: Strikes out swinging
Batting: RHB Tobias Valencia 0-0: Called Strike
0-1: Ground out U3 (Groundball, 3S, EV 81.9 MPH)
Batting: RHB Elroy Hartman 0-0: Called Strike
0-1: Ball
1-1: Ball
2-1: Foul Ball, location: 2F
2-2: Ball
3-2: Base on Balls
Batting: LHB Júlio Souza 0-0: Ball
1-0: Called Strike
1-1: Ball
2-1: Ball
3-1: Called Strike
3-2: 2-RUN HOME RUN (Flyball, 9LD, EV 95.6 MPH), Distance : 334 ft
Batting: RHB Rafael Carballar 0-0: Ground out 1-3 (Groundball, 15, EV 71.2 MPH)
Bottom of the 3rd over - 2 runs, 1 hit, 0 errors, 0 left on base; Athletic Club KC 1 - Calgary 2
TOP OF THE 4TH
Athletic Club KC Reserves batting - Pitching for Calgary Lynx : RHP Dave Lewis
Batting: LHB Miguel Fernández 0-0: Called Strike
0-1: Ball
1-1: Ball
2-1: Ball
3-1: Base on Balls
Batting: LHB Thomas Nealy 0-0: Ball
1-0: Ball
2-0: Foul Ball, location: 2F
2-1: Called Strike
2-2: Fly out, F7 (Flyball, 7D, EV 105.6 MPH)
Batting: SHB Gary Hopkins 0-0: Ball
1-0: Called Strike
1-1: Foul Ball, location: 2F
1-2: Reached on error, E8 (Flyball, 8RM, EV 84.4 MPH)
Miguel Fernández to second
Batting: LHB Ted Reed 0-0: Called Strike
0-1: Swinging Strike
0-2: Ball
1-2: Strikes out swinging
Batting: RHB Wade Tazewell 0-0: Ball
1-0: Fly out, F3 (Line Drive, 3, EV 65.0 MPH)
Top of the 4th over - 0 runs, 0 hits, 1 error, 2 left on base; Athletic Club KC 1 - Calgary 2
BOTTOM OF THE 4TH
Calgary Lynx batting - Pitching for Athletic Club KC Reserves : RHP Ignacio Ayala
Batting: RHB Roy Bagnall 0-0: Ball
1-0: Ball
2-0: Swinging Strike
2-1: Called Strike
2-2: SINGLE (Line Drive, 78S, EV 93.1 MPH)
Batting: LHB Robbie Brendle 0-0: Ball
1-0: Ball
2-0: SINGLE (Line Drive, 78M, EV 101.9 MPH)
Roy Bagnall to second
Batting: RHB Eloi Hanai 0-0: Ball
1-0: Ball
2-0: Ball
3-0: Called Strike
3-1: Foul Ball, location: 2F
3-2: Grounds into double play, 4-6-3 (Groundball, 4, EV 108.1 MPH)
Roy Bagnall to third
Batting: RHB Jordan Attoe 0-0: Ball
1-0: Foul Ball, location: 2F
1-1: Swinging Strike
1-2: Ball
2-2: Fly out, F9 (Flyball, 9LDF, EV 83.1 MPH)
Bottom of the 4th over - 0 runs, 2 hits, 0 errors, 1 left on base; Athletic Club KC 1 - Calgary 2
TOP OF THE 5TH
Athletic Club KC Reserves batting - Pitching for Calgary Lynx : RHP Dave Lewis
Batting: RHB Marcos Quintana 0-0: Ball
1-0: Ball
2-0: Foul Ball, location: 2F
2-1: Foul Ball, location: 2F
2-2: Ball
3-2: DOUBLE (Line Drive, 78D, EV 105.6 MPH)
Batting: RHB Gabriel Martínez 0-0: Fly out, F8 (Line Drive, 8LM, EV 86.2 MPH)
Batting: RHB Dick Barnett 0-0: Ball
1-0: Ball
2-0: Foul Ball, location: 2F
2-1: Swinging Strike
2-2: Strikes out looking
Batting: LHB Oriol Fernández 0-0: Reached on error, E3 (Groundball, 34, EV 103.1 MPH)
Marcos Quintana to third
Batting: LHB Miguel Fernández 0-0: Ball
1-0: Fly out, F7 (Flyball, 7D, EV 85.0 MPH)
Top of the 5th over - 0 runs, 1 hit, 1 error, 2 left on base; Athletic Club KC 1 - Calgary 2
BOTTOM OF THE 5TH
Calgary Lynx batting - Pitching for Athletic Club KC Reserves : RHP Ignacio Ayala
Batting: SHB Jim Santos 0-0: Fly out, F9 (Flyball, 9S, EV 96.9 MPH)
Batting: RHB Tobias Valencia 0-0: Ball
1-0: SOLO HOME RUN (Flyball, 78XD, EV 94.4 MPH), Distance : 422 ft
Batting: RHB Elroy Hartman 0-0: Called Strike
0-1: Ball
1-1: Foul Ball, location: 2F
1-2: Ground out 2-3 (Groundball, 2R, EV 66.9 MPH)
Batting: LHB Júlio Souza 0-0: Ball
1-0: Called Strike
1-1: Fly out, F8 (Flyball, 8RM, EV 86.9 MPH)
Bottom of the 5th over - 1 run, 1 hit, 0 errors, 0 left on base; Athletic Club KC 1 - Calgary 3
TOP OF THE 6TH
Athletic Club KC Reserves batting - Pitching for Calgary Lynx : RHP Dave Lewis
Batting: LHB Thomas Nealy 0-0: Ball
1-0: Swinging Strike
1-1: Foul Ball, location: 2F
1-2: Foul Ball, location: 2F
1-2: Ball
2-2: Foul Ball, location: 2F
2-2: Fly out, F6 (Popup, 6MS, EV 70.6 MPH)
Batting: SHB Gary Hopkins 0-0: Called Strike
0-1: Ball
1-1: Ball
2-1: Ball
3-1: Base on Balls
Pitching: RHP Gojong Joseon
Batting: LHB Ted Reed 0-0: Called Strike
0-1: Ball
1-1: Called Strike
1-2: Ball
2-2: Strikes out swinging
Batting: RHB Wade Tazewell 0-0: Called Strike
0-1: Foul Ball, location: 2F
0-2: Fly out, F3 (Line Drive, 3, EV 63.8 MPH)
Top of the 6th over - 0 runs, 0 hits, 0 errors, 1 left on base; Athletic Club KC 1 - Calgary 3
BOTTOM OF THE 6TH
Calgary Lynx batting - Pitching for Athletic Club KC Reserves : RHP Ignacio Ayala
Batting: RHB Rafael Carballar 0-0: Ball
1-0: Ball
2-0: Ground out 5-3 (Groundball, 56S, EV 78.8 MPH)
Batting: RHB Roy Bagnall 0-0: Fly out, F8 (Flyball, 89D, EV 89.4 MPH)
Batting: LHB Robbie Brendle 0-0: Called Strike
0-1: Ball
1-1: Ball
2-1: Fly out, F9 (Flyball, 9LS, EV 82.5 MPH)
Bottom of the 6th over - 0 runs, 0 hits, 0 errors, 0 left on base; Athletic Club KC 1 - Calgary 3
TOP OF THE 7TH
Athletic Club KC Reserves batting - Pitching for Calgary Lynx : RHP Gojong Joseon
Batting: RHB Marcos Quintana 0-0: Fly out, F7 (Flyball, 78S, EV 88.8 MPH)
Batting: RHB Gabriel Martínez 0-0: SINGLE (Groundball, 4S, EV 68.1 MPH) (infield hit)
Batting: RHB Dick Barnett 0-0: Called Strike
0-1: Ball
1-1: Foul Ball, location: 2F
1-2: Fly out, F4 (Popup, 34, EV 70.6 MPH)
Batting: LHB Oriol Fernández 0-0: Ball
1-0: Swinging Strike
1-1: Ball
Wild Pitch!
Gabriel Martínez to second
2-1: Called Strike
2-2: Strikes out looking
Top of the 7th over - 0 runs, 1 hit, 0 errors, 1 left on base; Athletic Club KC 1 - Calgary 3
BOTTOM OF THE 7TH
Calgary Lynx batting - Pitching for Athletic Club KC Reserves : RHP Ignacio Ayala
Batting: RHB Eloi Hanai 0-0: SINGLE (Groundball, 6MD, EV 106.2 MPH)
Batting: RHB Jordan Attoe 0-0: Ball
1-0: Called Strike
1-1: Ball
2-1: Foul Ball, location: 2F
2-2: Ground out 3-1 (Groundball, 3, EV 102.5 MPH)
Eloi Hanai to second
Batting: SHB Jim Santos 0-0: Called Strike
0-1: Ball
1-1: Ground out 6-3 (Groundball, 56, EV 76.2 MPH)
Batting: RHB Tobias Valencia 0-0: Called Strike
0-1: Foul Ball, location: 2F
0-2: Ground out 5-3 (Groundball, 56S, EV 86.9 MPH)
Bottom of the 7th over - 0 runs, 1 hit, 0 errors, 1 left on base; Athletic Club KC 1 - Calgary 3
TOP OF THE 8TH
Athletic Club KC Reserves batting - Pitching for Calgary Lynx : RHP Gojong Joseon
Batting: LHB Miguel Fernández 0-0: Ball
1-0: Ball
2-0: Ball
3-0: Called Strike
3-1: Fly out, F8 (Flyball, 89D, EV 81.2 MPH)
Batting: LHB Thomas Nealy 0-0: Called Strike
0-1: Ball
1-1: Fly out, F8 (Flyball, 8RM, EV 90.0 MPH)
Batting: SHB Gary Hopkins 0-0: Fly out, F9 (Flyball, 9LD, EV 102.5 MPH)
Top of the 8th over - 0 runs, 0 hits, 0 errors, 0 left on base; Athletic Club KC 1 - Calgary 3
BOTTOM OF THE 8TH
Calgary Lynx batting - Pitching for Athletic Club KC Reserves : RHP Ignacio Ayala
Pitching: RHP Grant Gremel
Batting: RHB Elroy Hartman 0-0: Ground out 6-3 (Groundball, 6, EV 109.4 MPH)
Batting: LHB Júlio Souza 0-0: Ball
1-0: Called Strike
1-1: Ball
2-1: SINGLE (Groundball, 34D, EV 96.2 MPH)
Batting: RHB Rafael Carballar 0-0: Called Strike
Júlio Souza steals 2nd base
0-1: Ball
1-1: Ball
2-1: Foul Ball, location: 2F
2-2: Strikes out swinging
Batting: RHB Roy Bagnall 0-0: Ball
1-0: Foul Ball, location: 2F
1-1: Called Strike
1-2: Ball
2-2: Ground out 6-3 (Groundball, 6, EV 86.9 MPH)
Bottom of the 8th over - 0 runs, 1 hit, 0 errors, 1 left on base; Athletic Club KC 1 - Calgary 3
TOP OF THE 9TH
Athletic Club KC Reserves batting - Pitching for Calgary Lynx : RHP Gojong Joseon
Now at 2B: Abraham In de Boomgaert
Batting: LHB Ted Reed 0-0: Called Strike
0-1: Ground out U3 (Groundball, 3, EV 83.1 MPH)
Batting: RHB Wade Tazewell 0-0: Ball
1-0: Called Strike
1-1: SINGLE (Groundball, 34D, EV 98.8 MPH)
Pitching: RHP Haweeyo Nasteexo
Batting: RHB Marcos Quintana 0-0: Ball
1-0: Ball
2-0: Foul Ball, location: 2F
2-1: Swinging Strike
2-2: Ball
3-2: SINGLE (Line Drive, 78S, EV 105.0 MPH)
Wade Tazewell to second
Batting: RHB Gabriel Martínez 0-0: Fielders Choice at 2nd, 3-6 (Groundball, 34S, EV 91.9 MPH)
Wade Tazewell to third
Pinch Hitting: LHB César Núńez 0-0: Called Strike
0-1: Foul Ball, location: 2F
0-2: Ball
1-2: SINGLE (Groundball, 34D, EV 98.1 MPH)
Wade Tazewell scores
Gabriel Martínez to second
Runner from 2nd tries for 3rd, SAFE, throw by RF made to third
Batting: LHB Oriol Fernández 0-0: Ball
Wild Pitch!
Gabriel Martínez scores
César Núńez to second
1-0: Ball
2-0: DOUBLE (Groundball, 3L, EV 102.5 MPH)
César Núńez scores
Batting: LHB Miguel Fernández 0-0: Ball
1-0: Fly out, F8 (Flyball, 8RM, EV 84.4 MPH)
Top of the 9th over - 3 runs, 4 hits, 0 errors, 1 left on base; Athletic Club KC 4 - Calgary 3
BOTTOM OF THE 9TH
Calgary Lynx batting - Pitching for Athletic Club KC Reserves : RHP Grant Gremel
Now at 1B: Terry Kurucz
Pinch Hitting: LHB Javier Sánchez 0-0: Called Strike
0-1: Ball
1-1: Ball
2-1: SOLO HOME RUN (Flyball, 9D, EV 91.9 MPH), Distance : 341 ft
Batting: RHB Eloi Hanai 0-0: Foul Ball, location: 2F
0-1: Ball
1-1: Ground out 6-3 (Groundball, 6, EV 85.6 MPH)
Pinch Hitting: LHB Jeff Hershberger 0-0: Ball
1-0: Foul Ball, location: 2F
1-1: Ball
2-1: Foul Ball, location: 2F
2-2: Foul Ball, location: 2F
2-2: SINGLE (Line Drive, 4MD, EV 97.5 MPH)
Batting: SHB Jim Santos 0-0: Called Strike
0-1: 2-RUN HOME RUN (Flyball, 89XD, EV 106.9 MPH), Distance : 378 ft
Friday, March 26th, 2021 - OOTP Baseball 20.8 Build 74